AoeStats
← aacar6135

Arena

509841561Analyzed
1v1 RM · 5d ago on Sep 28, 2026· 49m 1s· 2 players
Game mode
Random Map
Map size
Tiny (2 player)
Population
200
Speed
Normal
Resources
Standard
Victory
Conquest
Starting age
Dark Age
Ending age
Imperial Age
RankedLock teamsTeams togetherTeam positionsShared explorationLock speedFull tech treeHidden civsTurbo modeCheats
Victory
Defeat
🇹🇷 Persians · Türkiye
727
+15
🇨🇭 Chinese · Switzerland
700
-15
Mybotarehere
1:23 Loom
14:29 Feudal Age
15:10 Horse Collar
16:12 Double-Bit Axe
17:07 Wheelbarrow
20:50 Castle Age
19:04 Stone Mining
21:01 Bloodlines
23:37 Husbandry
27:15 Hand Cart
29:43 Heavy Plow
31:31 Stone Shaft Mining
30:49 Gold Mining
34:29 Imperial Age
32:38 Bow Saw
32:41 Padded Archer Armor
32:31 Fletching
33:41 Leather Archer Armor
33:48 Ballistics
34:53 Thumb Ring
36:20 Chemistry
35:28 Bodkin Arrow
36:24 Ring Archer Armor
36:06 Forging
35:45 Arson
35:30 Pikeman
37:30 Halberdier
38:11 Squires
39:13 Elite Fire Lancer
41:02 Elite Chu Ko Nu
42:09 Bracer
42:58 Iron Casting
42:23 Scale Mail Armor
43:20 Cavalier
44:21 Light Cavalry
46:04 Blast Furnace
45:20 Chain Mail Armor
45:11 Scale Barding Armor
44:29 Cavalier
46:48 Town Watch
aacar6135
10:28 Feudal Age
10:57 Double-Bit Axe
11:14 Horse Collar
12:58 Stone Mining
20:45 Castle Age
19:01 Fletching
19:25 Gold Mining
20:53 Forging
22:40 Bow Saw
22:35 Heavy Plow
27:18 Stone Shaft Mining
27:23 Gold Shaft Mining
30:37 Imperial Age
28:48 Kamandaran
31:36 Iron Casting
30:58 Bodkin Arrow
32:07 Chemistry
31:19 Citadels
31:29 Conscription
33:36 Two-Man Saw
33:52 Crop Rotation
33:40 Crossbowman
34:26 Thumb Ring
39:31 Wheelbarrow
40:11 Blast Furnace
42:13 Hand Cart
41:49 Town Watch
42:51 Elite War Elephant
Connection lost

Rejoining the realm…

Still unreachable

The connection could not be restored.

Session expired

The server has moved on; the page needs a fresh start.